 Dungeon Crawl Stone Soup version 0.27.0-1-g7a089689b8 (webtiles) character file.

Game seed: 11477714712995116393

36 zuma992 the Digger (level 3, 0/19 HPs)
             Began as a Deep Elf Earth Elementalist on Aug 6, 2021.
             Slain by a bat (1 damage)
             ... on level 3 of the Dungeon on Aug 10, 2021.
             The game lasted 00:25:23 (1726 turns).

zuma992 the Digger (Deep Elf Earth Elementalist)    Turns: 1726, Time: 00:25:24

Health: 0/19       AC:  6    Str:  5    XL:     3   Next: 19%
Magic:  10/10      EV:  9    Int: 19    God:
Gold:   111        SH:  0    Dex: 16    Spells: 9/9 levels left

rFire    . . .     SeeInvis .   h - +1 hand axe
rCold    . . .     Faith    .   (no shield)
rNeg     . . .     Spirit   .   g - +1 ring mail
rPois    .         Reflect  .   (no helmet)
rElec    .         Harm     .   (no cloak)
rCorr    .         Rampage  .   (no gloves)
Will     .....                  (no boots)
Stlth    ++........             (no amulet)
HPRegen  0.06/turn              (no ring)
MPRegen  0.12/turn              (no ring)

@: no status effects
A: no striking features
a: no special abilities


You were on level 3 of the Dungeon.
You visited 1 branch of the dungeon, and saw 3 of its levels.

You collected 111 gold pieces.

Inventory:

Hand Weapons
 h - a +1 hand axe (weapon)
 i - a +0 hunting sling
Missiles
 c - 80 stones (quivered)
 f - 2 throwing nets
Armour
 b - a +0 robe
 g - a +1 ring mail (worn)
Scrolls
 e - a scroll of identify
Potions
 a - 2 potions of heal wounds
 m - a potion of attraction {unknown}


   Skills:
 + Level 2.4 Dodging
 + Level 2.8 Stealth
 + Level 3.7 Spellcasting
 + Level 1.1 Transmutations
 + Level 4.1 Earth Magic


You had 9 spell levels left.
You didn't know any spells.
Your spell library contained the following spells:

 Spells                   Type           Power      Damage    Failure   Level
 Sandblast                Erth           38%        2d10      12%         1
 Passwall                 Tmut/Erth      10%        N/A       34%         2
 Stone Arrow              Conj/Erth      22%        3d8       65%         3
 Petrify                  Tmut/Erth      13%        N/A       92%         4


Dungeon Overview and Level Annotations

Branches:
Dungeon (3/15)

Altars:


Message History

You shoot a stone. The stone closely misses the bat.
The bat hits you but does no damage. The adder bites you.
You are poisoned.
The adder poisons you! The goblin hits you but does no damage.
The adder bites you.
Really attack while wielding your +0 hunting sling?
Okay, then.
h - a +1 hand axe (weapon)
You feel sick. The adder barely misses you. The goblin misses you.
You closely miss the goblin. You hit the adder but do no damage.
You feel sick. The bat hits you but does no damage.
The adder barely misses you. The goblin barely misses you.
You hit the goblin but do no damage. You hit the adder.
You feel sick. The bat hits you. The adder barely misses you.
The goblin hits you but does no damage. The adder misses you.
You hit the goblin.
The goblin is heavily wounded.
You hit the adder but do no damage.
You feel sick. The bat hits you but does no damage. The adder bites you.
* * * LOW HITPOINT WARNING * * *
The goblin hits you but does no damage. The adder closely misses you.
Sorry, you're not good enough to have a special ability.
Throw: 81 stones
Press: ? - help, Q - select action, (/) - cycle Shift-Dir - straight line, f/p - bat
Aim: a bat (44% to hit)
You throw a stone. The stone barely misses the bat.
* * * LOW HITPOINT WARNING * * *
You feel sick. The bat hits you but does no damage.
The goblin closely misses you. The adder closely misses you.
The goblin barely misses you.
Sorry, you're not good enough to have a special ability.
You hit the adder.
The adder is heavily wounded.
You hit the goblin.
You kill the goblin!
* * * LOW HITPOINT WARNING * * *
You feel sick.
You are no longer poisoned.
The bat hits you.
You die...

##.######
.(.....(##
.....[...##
..........#
..........#
..........#
......b(..#
....>..@..#
......S).##
..#)....##
#######


You could see an adder and a bat.

Vanquished Creatures
  2 dart slugs (D:1)
  3 bats
  2 endoplasms (D:1)
  2 giant cockroaches (D:1)
  A hobgoblin (D:1)
  4 jackals (D:1)
  A quokka (D:2)
  4 ball pythons (D:1)
  3 frilled lizards
  3 goblins
  2 kobolds
  7 rats
34 creatures vanquished.

Notes
Turn   | Place    | Note
-------+----------+-------------------------------------------
     0 | D:1      | zuma992 the Deep Elf Earth Elementalist began the quest for
                  | the Orb.
     0 | D:1      | Reached XP level 1. HP: 10/10 MP: 6/6
    77 | D:1      | You fall into a shaft and drop 1 floor!
   290 | D:1      | Reached XP level 2. HP: 15/15 MP: 5/8
   667 | D:1      | Reached skill level 4 in Earth Magic
   789 | D:1      | Reached XP level 3. HP: 19/19 MP: 8/10
   844 | D:2      | Found a faded altar of an unknown god.
  1726 | D:3      | Slain by a bat

Illustrated notes

Levels and vault maps discovered:
D:1:      elethiomel_arrival_maze, layout_loops_cross
D:2:      layout_basic, ebering_ecumenical_altar_mist
D:3:      layout_rooms

Skill      XL: |  1  2 |
---------------+-------+-----
Earth Magic    | 4 |  4.1
Dodging        | |  2.4
Stealth        | |  2.8
Spellcasting   | |  3.7
Transmutations | |  1.1

Action                   || total
-------------------------++-------
Melee: Hand axe          ||     4
 Fire: Hunting sling     ||     9
Throw: Stone             ||     1
 Cast: Sandblast         ||    34
  Use: Scroll            ||     8
Armor: Ring mail         ||    14
Dodge: Dodged            ||    17
